 Dungeon Crawl Stone Soup version 0.21-a0-142-gdd972a7 (webtiles) character file.

19292 Musica the Gouger (level 12, 0/84 (85) HPs)
             Began as a Felid Berserker on July 24, 2017.
             Was an Elder of Trog.
             Splashed by an oklob plant's acid (13 damage)
             ... on level 2 of the Lair of Beasts.
             The game lasted 00:54:51 (15193 turns).

Musica the Gouger (Felid Berserker)                Turns: 15193, Time: 00:54:51

HP:   0/84 (85)     AC:  1    Str: 16    XL:     12   Next: 35%
MP:   16/16         EV: 29    Int:  9    God:    Trog [****..]
Gold: 1377          SH:  0    Dex: 20    Spells: 11/11 levels left
                                        Lives: 0   Deaths: 3

rFire    + + .     SeeInvis +     - Unarmed
rCold    + + .     Gourm    .   (shield unavailable)
rNeg     . . .     Faith    .   (armour unavailable)
rPois    .         Spirit   .   (helmet unavailable)
rElec    .         Reflect  .   (cloak unavailable)
rCorr    .         Harm     .   (gloves unavailable)
MR       +....     Rnd*Rage +   (boots unavailable)
Stlth    ..........             (no amulet)
HPRegen  0.24/turn              (no ring)
MPRegen  0.15/turn              (no ring)

@: berserking, corroded, hasted, very quick
A: no armour, no weapons or thrown items, stealth, antennae 1, claws 1, fangs 3,
molten scales 1, see invisible, berserk 1, carnivore 3, cold resistance 1, fire
resistance 2, speed 1, low mp 1, robust 1, shaggy fur 3, slow metabolism 1, weak
1, sharp paws
a: Berserk, Trog's Hand, Brothers in Arms, Burn Spellbooks, Renounce Religion


You were on level 2 of the Lair of Beasts.
You worshipped Trog.
Trog was greatly pleased with you.
You were very full.

You visited 4 branches of the dungeon, and saw 18 of its levels.
You also visited: Ossuary and Ice Cave.

You collected 1377 gold pieces.

Inventory:

Jewellery
 g - an uncursed ring of resist corrosion
 p - an uncursed ring of flight
 t - an uncursed ring of protection from cold
Wands
 b - a wand of disintegration (10/24)
 l - a wand of confusion (11/48)
 m - a wand of lightning (1/15)
 q - a wand of paralysis (5/24)
 r - a wand of polymorph (15/24)
 w - a wand of iceblast (6/15)
 x - a wand of enslavement (12/24)
 z - a wand of iceblast (6/15)
 A - a wand of disintegration (10/24)
Scrolls
 d - 12 scrolls of identify
 h - a scroll of recharging
 j - 4 scrolls of remove curse
 s - 6 scrolls of teleportation
Potions
 e - a potion of might
 f - 2 potions of haste
 i - a potion of curing
 k - 3 potions of flight
 o - 3 potions of heal wounds
 u - a potion of magic
 v - 2 potions of agility
Books
 y - a book of Maledictions

   Spells                             Type                      Level
   a - Corona                         Hexes                        1
   b - Ensorcelled Hibernation        Hexes/Ice                    2
   c - Confuse                        Hexes                        3
   d - Tukima's Dance                 Hexes                        3
   e - Dazzling Spray                 Conjuration/Hexes            3
   Trog disapproves of the use of such an item.
Comestibles
 a - 8 meat rations
 n - 11 royal jellies


   Skills:
 + Level 5.8 Fighting
 + Level 12.2 Dodging
 + Level 13.2 Stealth
 + Level 14.9 Unarmed Combat
 * Level 6.5 Evocations


You had 11 spell levels left.
You didn't know any spells.

Dungeon Overview and Level Annotations

Branches:
Dungeon (12/15)            Temple (1/1) D:5            Lair (3/6) D:11
    Orc (2/2) D:11
  Swamp: Lair:2-4    Shoals: Lair:2-4     Snake: Lair:2-4    Spider: Lair:2-4
    Elf: Orc:2

Altars:
Ashenzari
Cheibriados
Dithmenos
Elyvilon
Fedhas
Gozag
Hepliaklqana
Kikubaaqudgha
Makhleb
Nemelex Xobeh
Okawaru
Qazlal
Ru
Sif Muna
Trog
Uskayaw
Vehumet
Wu Jian
Xom
Yredelemnul
Zin
The Shining One

Shops:
D:4 :   D:9 (   D:10 (   D:11 (

Annotations:
Lair:2 exclusion: oklob plant


Innate Abilities, Weirdness & Mutations

You cannot wear armour.
You are incapable of wielding weapons or throwing items.
Your paws allow you to move quietly. (Stealth)
You have sharp claws.
You have razor-sharp teeth.
You have supernaturally acute eyesight. (SInv)
You are carnivorous and can eat meat at any time.
You cover ground quickly.
Your thick and shaggy fur keeps you warm. (AC +3, rC+)
You have a slow metabolism.
Your sharp claws are effective at attacking unaware monsters.
You have a pair of small antennae on your head.
You are partially covered in molten scales. (AC +2)
You tend to lose your temper in combat.
Your flesh is cold resistant. (rC+)
Your flesh is very heat resistant. (rF++)
Your magical capacity is low. (-10% MP)
You are robust. (+10% HP)
You are weak. (Str -2)


Message History

The oklob plant spits acid at you. The splash of acid hits you!
The acid corrodes you!
You are splashed with acid!
The acid burns!
A red film seems to cover your vision as you go berserk!
You feel yourself moving faster!
You feel mighty!
You feel a lot less full.
You mangle the oklob plant!!
The oklob plant is heavily damaged.
You scratch the oklob plant but do no damage.
The oklob plant is moderately damaged.
You scratch the oklob plant.
The oklob plant is heavily damaged.
You mangle the oklob plant!! You bite the oklob plant!
You destroy the oklob plant!
Trog accepts your kill.
You are too injured to fight recklessly!
The oklob plant spits acid at you. The splash of acid hits you!
* * * LOW HITPOINT WARNING * * *
You are splashed with acid!
The acid burns!
You die...

###..........#
....
#..........#
#...
#..........#
....
##.........#
....
##......P..
#... ##...####
#.. #####.###
#.# #.$....##
.#.# #.@.....#
....
#P(.P.......
....
#####.......
.... ##P......
.... #......
.... ......
.... ..... ...
.. ... ...


You could see an oklob plant.

Vanquished Creatures
  A hydra (Lair:2)
  Erica (Lair:1)
  Nergalle (Lair:1)
  An unseen horror (D:11)
  The ghost of Musica the Spear-Bearer, a novice MfGl of Hepliaklqana (D:7)
  An oklob plant (Lair:2)
  A black mamba (Lair:1)
  3 spiny frogs (Lair:1)
  A komodo dragon (Lair:2)
  2 trolls (D:11)
  6 polar bears (IceCv)
  3 hippogriffs
  Sigmund (D:3)
  21 yaks
  2 wyverns
  Grum (D:8)
  A hungry ghost (D:10)
  A basilisk (Lair:2)
  A warg (Orc:1)
  3 water moccasins
  2 porcupines
  2 ice beasts
  4 black bears
  4 sky beasts
  7 orc warriors
  12 wolves
  9 ogres
  The ghost of afd the Charmwright, an amateur BaSk (D:3)
  7 centaurs
  An elf zombie (Ossuary)
  3 crocodiles
  2 big kobolds
  12 bullfrogs
  2 elf skeletons (D:8)
  4 scorpions
  11 killer bees (D:8)
  A centaur zombie (Ossuary)
  A bullfrog zombie (D:4)
  4 crimson imps
  8 orc priests
  3 hounds
  A jelly (D:11)
  12 orc wizards
  A bullfrog skeleton (D:6)
  A human zombie (Ossuary)
  An iguana (D:6)
  13 worker ants
  2 human skeletons (D:8)
  A hound zombie (D:6)
  2 mummies (Ossuary)
  7 gnolls
  7 adders
  2 shadow imps
  2 oozes
  7 adder zombies
  4 dart slugs
  A leopard gecko (D:3)
  42 orcs
  4 bats (D:1)
  5 giant cockroaches
  6 goblins
  3 hobgoblins
  8 jackals
  5 quokkas
  7 frilled lizards
  2 goblin zombies (Ossuary)
  12 hobgoblin zombies (Ossuary)
  10 kobolds
  7 kobold zombies (Ossuary)
  2 orc skeletons (D:8)
  10 orc zombies (Ossuary)
  A quokka skeleton (D:5)
  9 rats
350 creatures vanquished.

Vanquished Creatures (collateral kills)
  3 death yaks
  An ice statue (IceCv)
  A kobold demonologist (D:10)
  6 polar bears (IceCv)
  15 yaks
  An orc warrior (D:11)
  An ice beast (D:11)
  A killer bee (D:8)
  2 centaurs
  6 wolves (IceCv)
  An ogre (Orc:1)
  A big kobold (D:10)
  A bullfrog (D:10)
  A crimson imp (D:11)
  2 orc priests
  5 orcs
  2 kobolds (D:10)
50 creatures vanquished.

Vanquished Creatures (others)
  2 yaks
  5 wolves (IceCv)
  A killer bee (D:8)
  An orc (D:9)
  2 plants (Lair:2)
11 creatures vanquished.

Grand Total: 411 creatures vanquished

Notes
Turn   | Place    | Note
-------+----------+-------------------------------------------
     0 | D:1      | Musica the Felid Berserker began the quest for the Orb.
     0 | D:1      | Reached XP level 1. HP: 10/10 MP: 2/2
   128 | D:1      | Reached XP level 2. HP: 10/14 MP: 3/3
   282 | D:1      | Reached ** piety under Trog
   761 | D:2      | Reached XP level 3. HP: 17/17 MP: 4/4
   785 | D:3      | Noticed afd's ghost (amateur BaSk)
  1132 | D:2      | Reached skill level 1 in Stealth
  1188 | D:2      | Gained mutation: Your magical capacity is low. (-10% MP) [potion of mutation]
  1188 | D:2      | Gained mutation: You have a pair of small antennae on your head. [potion of mutation]
  1188 | D:2      | Gained mutation: You are weak. (Str -2) [potion of mutation]
  1188 | D:2      | Gained mutation: Your flesh is cold resistant. (rC+) [potion of mutation]
  1296 | D:3      | Killed afd's ghost
  1296 | D:3      | Reached skill level 5 in Dodging
  1296 | D:3      | Reached skill level 4 in Unarmed Combat
  1296 | D:3      | Reached XP level 4. HP: 21/21 MP: 4/4
  1296 | D:3      | Reached XP level 5. HP: 24/24 MP: 5/5
  1853 | D:3      | Found a shadowy altar of Dithmenos.
  1930 | D:3      | Noticed Sigmund
  1938 | D:3      | Killed Sigmund
  1938 | D:3      | Reached skill level 5 in Unarmed Combat
  1938 | D:3      | Gained mutation: You are covered in thick fur. (AC +2) [Felid growth]
  1938 | D:3      | Reached XP level 6. HP: 28/28 MP: 6/6
  2235 | D:5      | Entered Level 5 of the Dungeon
  2310 | D:4      | Found Jikhomy's Book Shoppe.
  2470 | D:4      | Reached *** piety under Trog
  2470 | D:4      | Reached skill level 5 in Stealth
  2472 | D:4      | Reached XP level 7. HP: 21/31 MP: 7/7
  2484 | D:4      | Slain by a scorpion
  2485 | D:4      | Reached XP level 6. HP: -4/28 MP: 6/6
  2535 | D:4      | Reached skill level 6 in Unarmed Combat
  2764 | D:4      | Reached XP level 7. HP: 27/31 MP: 7/7
  2852 | D:5      | Found a staircase to the Ecumenical Temple.
  2864 | Temple   | Entered the Ecumenical Temple
  3281 | D:6      | Found a glowing silver altar of Zin.
  3515 | D:5      | Reached skill level 7 in Unarmed Combat
  4260 | D:6      | Slain by an orc warrior
  4261 | D:6      | Reached XP level 6. HP: -2/28 MP: 6/6
  4431 | D:6      | Killed an orc warrior
  4431 | D:6      | Reached XP level 7. HP: 32/32 MP: 7/7
  4457 | D:6      | Found a deep blue altar of Sif Muna.
  4689 | D:6      | Gained mutation: Your flesh is heat resistant. (rF+) [mutagenic meat]
  4690 | D:6      | Gained mutation: You are agile. (Dex +2) [mutagenic meat]
  4691 | D:6      | Gained mutation: You are partially covered in molten scales. (AC +2) [mutagenic meat]
  4692 | D:6      | Lost mutation: You are agile. (Dex +2) [mutagenic meat]
  4696 | D:6      | Noticed a hippogriff
  4698 | D:6      | Killed a hippogriff
  4698 | D:6      | Reached skill level 8 in Unarmed Combat
  5090 | D:7      | Noticed a hippogriff
  5093 | D:7      | Killed a hippogriff
  5093 | D:7      | Reached XP level 8. HP: 36/36 MP: 8/8
  5156 | D:7      | Noticed Musica's ghost (novice MfGl)
  5173 | D:7      | Killed Musica's ghost
  5173 | D:7      | Reached skill level 9 in Unarmed Combat
  5264 | D:8      | Noticed a queen bee
  5325 | D:8      | Found a sand-covered staircase.
  5338 | D:8      | Reached **** piety under Trog
  5341 | Ossuary  | Entered an ossuary
  5504 | Ossuary  | Reached XP level 9. HP: 39/39 MP: 9/9
  5509 | Ossuary  | Reached skill level 10 in Unarmed Combat
  5761 | D:7      | Reached ***** piety under Trog
  7072 | D:8      | Reached skill level 11 in Unarmed Combat
  7159 | D:8      | Noticed Grum
  7171 | D:8      | Killed Grum
  7171 | D:8      | Reached skill level 10 in Stealth
  7209 | D:8      | Gained mutation: Your flesh is very heat resistant. (rF++) [mutagenic meat]
  7211 | D:8      | Gained mutation: You are robust. (+10% HP) [mutagenic meat]
  7212 | D:8      | Gained mutation: You tend to lose your temper in combat. [mutagenic meat]
  7524 | D:9      | Reached XP level 10. HP: 40/47 MP: 10/10
  7587 | D:10     | Entered Level 10 of the Dungeon
  7607 | D:9      | Found a sparkling altar of Nemelex Xobeh.
  7614 | D:9      | Reached skill level 1 in Evocations
  7764 | D:9      | Found Moshrih's Antique Weapon Shoppe.
  8265 | D:10     | Found Izxiraubb's Antique Weapon Shop.
  8356 | D:10     | Found an iron altar of Okawaru.
  8417 | D:10     | Reached skill level 12 in Unarmed Combat
  9013 | D:11     | Noticed a death yak
  9073 | D:11     | Noticed a death yak
  9073 | D:11     | Noticed a death yak
  9083 | D:10     | Killed a death yak
  9088 | D:10     | Slain by a yak
  9089 | D:10     | Reached XP level 9. HP: -2/66 MP: 11/11
  9247 | D:11     | Reached XP level 10. HP: 45/47 MP: 12/12
  9273 | D:11     | Killed a death yak
  9273 | D:11     | Reached skill level 10 in Dodging
  9273 | D:11     | Killed a death yak
  9273 | D:11     | Reached skill level 5 in Fighting
  9315 | D:11     | Found a staircase to the Lair.
  9339 | D:11     | Noticed an unseen horror
  9369 | D:11     | Killed an unseen horror
  9502 | D:11     | Found a staircase to the Orcish Mines.
  9682 | D:12     | Noticed a manticore
  9815 | D:11     | Found Etuquufy's Antique Weapon Emporium.
  9834 | D:11     | Reached skill level 13 in Unarmed Combat
 10262 | Orc:1    | Entered Level 1 of the Orcish Mines
 10263 | Orc:1    | Found a frozen archway.
 10298 | Orc:1    | Reached XP level 11. HP: 23/52 MP: 14/14
 10309 | IceCv    | Entered an ice cave
 10360 | IceCv    | Reached skill level 5 in Evocations
 11497 | IceCv    | Noticed a frost giant
 11497 | IceCv    | Noticed a death yak
 12210 | Orc:2    | Entered Level 2 of the Orcish Mines
 12624 | Orc:1    | Noticed an orc knight
 12625 | Orc:1    | Noticed a death drake
 12625 | Orc:1    | an orc knight changed into a death drake
 13395 | D:11     | Noticed an eight-headed hydra
 13396 | Lair:1   | Entered Level 1 of the Lair of Beasts
 13403 | Lair:1   | Reached skill level 14 in Unarmed Combat
 13526 | Lair:1   | Noticed Nergalle
 13537 | Lair:1   | Killed Nergalle
 13555 | Lair:1   | Gained mutation: Your thick and shaggy fur keeps you warm. (AC +3, rC+) [Felid growth]
 13555 | Lair:1   | Reached XP level 12. HP: 50/55 MP: 16/16
 13795 | Lair:1   | Noticed Erica
 13799 | Lair:1   | Killed Erica
 15125 | Lair:2   | Noticed a six-headed hydra
 15141 | Lair:2   | Killed a six-headed hydra
 15193 | Lair:2   | Splashed by an oklob plant's acid

Vault maps used:
D:1:      lightli_arrival_noodles
D:3:      lemuel_crystal_altar, serial_corexii_hall, corexii_hall_statues_i,
          corexii_hall_statues_x, uniq_sigmund
D:4:      kennysheep_spiral_hall, serial_shops, shop_fountains
D:5:      minmay_temple_entry_junction, first_bread
D:6:      basic_altar, led_sif_book
D:8:      nicolae_ossuary_entry_catacombs, david_nohive_1, uniq_grum
D:9:      serial_shops, nicolae_shop_overgrown_old_shop,
          nemelex_xobeh_ov_fountains_minmay
D:10:     serial_shops, nicolae_shop_trees, okawaru_ov_weapons_minmay
D:11:     dpeg_lair_monsters, david_orc_3, serial_shops, kennysheep_mini_moat
D:12:     uniq_josephine
Temple:   compressed_dpeg_triangle_lava_temple
Lair:1:   uniq_nergalle, uniq_erica
Lair:2:   dummy_snake_entry, minmay_lair_oklob_chamber
Lair:3:   minmay_swamp_entry_worms, serial_bayou, serial_bayou_pond_a,
          serial_bayou_pond_b, serial_bayou_lagoon_a, serial_bayou_shore_b,
          serial_bayou_pond_a
Orc:1:    portal_ice_cave_entry_pillars_2
Orc:2:    pf_orc_diabolical
Ossuary:  ossuary_tomb_1
IceCv:    ice_cave_caverns_02

Skill      XL: |  1  2  3  4  5  6  7  8  9 10 11 12 |
---------------+-------------------------------------+-----
Stealth        | 1 4 7 8 10 11 12 13 | 13.2
Dodging        | 5 6 7 8 10 11 12 | 12.2
Unarmed Combat | 4 5 6 8 9 11 13 14 | 14.9
Fighting       | 4 5 |  5.8
Evocations     | 4 6 |  6.5

Action                   |  1- 3 |  4- 6 |  7- 9 | 10-12 || total
-------------------------+-------+-------+-------+-------++-------
Melee: Unarmed           |    90 |    98 |   387 |   526 ||  1101
       Bite              |    10 |    10 |    41 |    59 ||   120
       Punch             |     2 |     2 |    10 |    32 ||    46
Invok: Berserk           |     3 |     7 |    15 |    26 ||    51
       Brothers in Arms  |       |       |       |    14 ||    14
       Trog's Hand       |       |       |       |    12 ||    12
       Burn Spellbooks   |       |       |       |     1 ||     1
Evoke: Wand              |       |       |     4 |    16 ||    20
  Use: Potion            |     5 |       |     6 |     7 ||    18
       Scroll            |     3 |       |     9 |     6 ||    18
 Stab: Sleeping          |     3 |     8 |    22 |    22 ||    55
       Distracted        |       |     1 |     1 |     3 ||     5
       Paralysed         |       |       |       |     2 ||     2
       Confused          |       |       |       |     1 ||     1
  Eat: Chunk             |     9 |    16 |    38 |    46 ||   109
Armor: Skin              |     1 |       |    23 |    26 ||    50
Dodge: Dodged            |    73 |    71 |   277 |   598 ||  1019
